 Seeded DCSS version 0.28-a0-628-g3c9886e45e (webtiles) character file.

Game seed: 18446744073709551615 (custom seed)

77 a11behringer the Chopper (level 4, -5/40 HPs)
             Began as a Hill Orc Cinder Acolyte on Oct 8, 2021.
             Was a High Priest of Ignis.
             Slain by Natasha (7 damage)
             ... on level 2 of the Dungeon.
             The game lasted 00:05:39 (2356 turns).

a11behringer the Chopper (Hill Orc Cinder Acolyte)  Turns: 2356, Time: 00:05:40

Health: -5/40      AC:  2    Str: 16    XL:     4   Next: 34%
Magic:  5/5        EV: 11    Int: 15    God:    Ignis [*****.]
Gold:   77         SH:  0    Dex:  6    Spells: 5/5 levels left

rFire   + . .      SeeInvis .   a - -1 hand axe (flame)
rCold   . . .      Faith    .   (no shield)
rNeg    + . .      Spirit   .   b - +0 robe
rPois   .          Reflect  .   (no helmet)
rElec   .          Harm     .   (no cloak)
rCorr   .          Rampage  .   (no gloves)
Will    .....                   (no boots)
Stlth   +.........              (no amulet)
HPRegen 0.13/turn               f - ring of positive energy
MPRegen 0.09/turn               (no ring)

@: no status effects
A: no striking features
a: Renounce Religion, Sea of Fire, Foxfire Swarm, Rising Flame


You were on level 2 of the Dungeon.
You worshipped Ignis.
Ignis was extremely pleased with you.
You visited 1 branch of the dungeon, and saw 2 of its levels.

You collected 77 gold pieces.

Inventory:

Hand Weapons
 a - a -1 hand axe of flaming (weapon)
Missiles
 h - 5 javelins (quivered)
Armour
 b - a +0 robe (worn)
 g - a +0 leather armour
Jewellery
 f - a ring of positive energy (left hand)
Potions
 c - 2 potions of curing {unknown}


   Skills:
 + Level 4.1 Fighting
 * Level 5.6 Axes
 + Level 0.5 Dodging
 + Level 1.0 Spellcasting
 + Level 3.8 Fire Magic


You had 5 spell levels left.
You didn't know any spells.
Your spell library contained the following spells:

 Spells                   Type           Power      Damage    Failure   Level
 Scorch                   Fire           24%        2d6       8%          2
 Sandblast                Erth           0%         2d4       24%         1


Dungeon Overview and Level Annotations

Branches:
Dungeon (2/15)

Altars:

Shops:
D:1 [   D:2 *

Annotations:
D:2 Natasha


Message History

You kill the quokka!
A quokka comes into view.
You hit the quokka. You burn the quokka.
The quokka is almost dead.
The quokka misses you. The quokka closely misses you.
You closely miss the quokka.
The quokka is almost dead.
The quokka bites you.
You hit the quokka. You burn the quokka.
You kill the quokka!
Found Wijash's Assorted Antiques.
There is an entrance to Wijash's Assorted Antiques here.
Natasha, Servant of Life and Death comes into view.
Natasha is nearby!
Found a scroll labelled UCIBYST IXUGOL.
Natasha hisses angrily.
Natasha stares at you and mumbles some strange words.
The magic dart hits you.
Found 21 stones.
Natasha drinks a potion.
Natasha flickers and vanishes!
Deactivating autopickup; reactivate with Ctrl-A.
Something claws you!
You see here a scroll labelled UCIBYST IXUGOL.
You miss something.
You hear some strange, mumbled words.
A magic dart appears from out of thin air!
The magic dart hits you!
You barely miss something.
You hear some strange, mumbled words.
A magic dart appears from out of thin air!
The magic dart hits you.
* * * LOW HITPOINT WARNING * * *
You slash something! You burn something.
You hear some strange, mumbled words.
You miss something.
You hear some strange, mumbled words.
Something tries to affect you, but you resist.
You miss something. Something claws you!
* * * LOW HITPOINT WARNING * * *
You barely miss something. Something claws you!
You die...

.# .# ....... .#
.# #(#.....# .# .#
#.#.....## .#
#..###........#
.#####>.
....#.....#
....##.###
#.......#
###)#....# #...5{#
# #.#..#.####...@#
###........##.#.##
.....#.#.#.#..#.#
.##...#.#...∩...#
.....#...#..#####
.####.#.#...# .#
#.#.#.## .##
..#....#
..#...##..##


You could see an iron imp (summoned).

Vanquished Creatures
  Natasha (D:2)
  A gnoll (D:2)
  An adder skeleton (D:2)
  2 worms (D:2)
  2 dart slugs
  4 ball pythons
  An endoplasm (D:2)
  2 goblins (D:1)
  4 hobgoblins
  2 quokkas (D:2)
  4 bats
  A frilled lizard (D:1)
  3 kobolds
  4 rats
32 creatures vanquished.

Vanquished Creatures (others)
  14 foxfires (D:2)
14 creatures vanquished.

Grand Total: 46 creatures vanquished

Notes
Turn   | Place    | Note
-------+----------+-------------------------------------------
     0 | D:1      | a11behringer the Hill Orc Cinder Acolyte began the quest
                  | for the Orb.
     0 | D:1      | Reached XP level 1. HP: 19/19 MP: 2/2
   486 | D:1      | Reached XP level 2. HP: 22/26 MP: 3/3
   646 | D:1      | Found a faded altar of an unknown god.
   650 | D:1      | Got Plato's Grimoire of Stones
   718 | D:1      | Found Wusebb's Antique Armour Emporium.
  1523 | D:2      | Reached XP level 3. HP: 15/33 MP: 4/4
  1587 | D:2      | Reached skill level 5 in Axes
  2227 | D:2      | Noticed Natasha
  2231 | D:2      | Killed Natasha
  2232 | D:2      | Reached XP level 4. HP: 40/40 MP: 5/5
  2295 | D:2      | Found Wijash's Assorted Antiques.
  2345 | D:2      | Noticed Natasha
  2355 | D:2      | HP: 2/40 [something (9)]
  2356 | D:2      | Slain by Natasha

Illustrated notes

Levels and vault maps discovered:
D:1:      minmay_arrival_widening_spiral_wide, layout_basic, serial_shops, shop,
          shapermc_ecumenical_altar_rom_forum
D:2:      layout_loops_ring, serial_shops, shop, minmay_misc_feat_five,
          minmay_tiny_reverse_x, uniq_robin, uniq_natasha

Skill      XL: |  1  2  3 |
---------------+----------+-----
Axes           | 5 |  5.6
Fighting       | 4 |  4.1
Dodging        | |  0.5
Spellcasting   | |  1.0
Fire Magic     | |  3.8

Action                   |  1- 3 |  4- 6 || total
-------------------------+-------+-------++-------
Melee: Hand axe          |   128 |    15 ||   143
Invok: Foxfire Swarm     |     1 |       ||     1
  Use: Scroll            |     2 |       ||     2
Armor: Robe              |    25 |     1 ||    26
Dodge: Dodged            |    82 |     7 ||    89

Table legend: (Time is in decaauts)
 A = Elapsed time spent in this place.
 B = Non-inter-level travel time spent in this place.
 C = Inter-level travel time spent in this place.
 D = Time resting spent in this place.
 E = Time spent auto-exploring this place.
 F = Levels seen in this place.
 G = Mean time per level.
                   A        B        C        D        E       F      G
               +--------+--------+--------+--------+--------+-----+--------+
         Total |   2365 |   2259 |    106 |      0 |   1985 |   2 | 1182.5 |
       Dungeon |   2365 |   2259 |    106 |      0 |   1985 |   2 | 1182.5 |
               +--------+--------+--------+--------+--------+-----+--------+

Top non-repeatable levels by time:
     D:1: 1666 daAuts
     D:2: 698 daAuts
